 Dungeon Crawl Stone Soup version 0.21.0-3-g78d12a8 (webtiles) character file.

41666 letownia2 the Black Belt (level 14, -4/75 HPs)
             Began as a Vine Stalker Wizard on Jan 14, 2018.
             Was an Initiate of Gozag.
             Slain by a death knight
             ... wielding a +0 morningstar
              (19 damage)
             ... on level 12 of the Dungeon.
             The game lasted 00:56:25 (16933 turns).

letownia2 the Black Belt (Vine Stalker Wizard)     Turns: 16933, Time: 00:56:26

Health: -4/75      AC: 13    Str: 16    XL:     14   Next: 16%
Magic:  0/29       EV: 12    Int: 19    God:    Gozag
Gold:   1358       SH:  0    Dex: 15    Spells: 10/34 levels left

rFire    + . .     SeeInvis +     - Unarmed
rCold    + + +     Gourm    .   (no shield)
rNeg     + . .     Faith    .   h - +0 ring mail of Qisof {rC++ SInv Stlth+} (curse)
rPois    +         Spirit   +   B - +0 helmet
rElec    .         Reflect  .   P - +2 ratskin cloak {+Rats rPois rN+ Str-1 Int-1 Dex+1}
rCorr    .         Harm     .   p - +0 pair of gloves
MR       +....                  V - +0 pair of boots
Stlth    ++++......             N - amulet of Homohao {rC++ Regen+ Str+3 Stlth+}
HPRegen  1.42/turn              x - ring of protection from fire
MPRegen  0.21/turn              T - ring of Uwaarrex {Int+2 Stlth+}

@: very slightly contaminated
A: fangs 3, regeneration 2, magic shield, antimagic bite, no potion heal 3, rot
immunity
a: Potion Petition, Call Merchant, Bribe Branch, Renounce Religion, Evoke
Ratskin


You were on level 12 of the Dungeon.
You worshipped Gozag.
Gozag was most pleased with you.
You were not hungry.

You visited 2 branches of the dungeon, and saw 16 of its levels.

You collected 4599 gold pieces.
You paid 3241 gold pieces to Gozag.

Inventory:

Hand Weapons
 c - a +1 blowgun
Missiles
 v - 4 curare-tipped needles
 G - a throwing net (quivered)
Armour
 h - the cursed +0 ring mail of Qisof (worn) {rC++ SInv Stlth+}
   (You found it on level 3 of the Lair of Beasts)

   It greatly protects you from cold.
   It lets you see invisible.
   It makes you more stealthy.
   It has a curse placed upon it.
 p - a +0 pair of gloves (worn)
 A - a +3 ring mail
 B - a +0 helmet (worn)
 P - the +2 ratskin cloak (worn) {+Rats rPois rN+ Str-1 Int-1 Dex+1}
   (You found it on level 11 of the Dungeon)

   It affects your strength (-1).
   It affects your intelligence (-1).
   It affects your dexterity (+1).
   It protects you from poison.
   It protects you from negative energy.
 S - the cursed +0 leather armour of Wioxisi {-Tele rElec rF+, unknown}
   (You found it on level 12 of the Dungeon)

   It protects you from fire.
   It insulates you from electricity.
   It prevents most forms of teleportation.
   It has a curse placed upon it.
 V - a +0 pair of boots (worn)
Magical Staves
 H - an uncursed staff of death
Jewellery
 x - a ring of protection from fire (left hand)
 C - a +3 ring of strength
 M - an uncursed ring of positive energy
 N - the amulet of Homohao (around neck) {rC++ Regen+ Str+3 Stlth+}
   (You found it on level 4 of the Lair of Beasts)

   [amulet of regeneration]

   It affects your strength (+3).
   It greatly protects you from cold.
   It increases your rate of regeneration.
   It makes you more stealthy.
 Q - the amulet "Ciapsuz" {+Rage Int+6}
   (You found it on level 9 of the Dungeon)

   [amulet of rage]

   It affects your intelligence (+6).
   It lets you go berserk.
 T - the ring of Uwaarrex (right hand) {Int+2 Stlth+}
   (You took it off a crimson imp on level 8 of the Dungeon)

   [ring of stealth]

   It affects your intelligence (+2).
   It makes you more stealthy.
Wands
 a - a wand of flame (3)
 r - a wand of acid (10)
 y - a wand of paralysis (20)
 I - a wand of iceblast (5)
 K - a wand of clouds (4)
Scrolls
 b - a scroll of silence {unknown}
 i - 2 scrolls of identify
 k - a scroll of summoning {unknown}
 l - a scroll of torment {unknown}
 m - 5 scrolls of fog
 n - a scroll of random uselessness {unknown}
 o - 3 scrolls of teleportation
 w - 5 scrolls of remove curse
 D - 4 scrolls of magic mapping
 E - a scroll of blinking
 F - a scroll of immolation
 L - a scroll of enchant armour {unknown}
 O - 2 scrolls of brand weapon {unknown}
 U - 3 scrolls of fear
 W - a scroll of holy word {unknown}
Potions
 e - 3 potions of mutation
 f - 5 potions of curing
 g - 4 potions of cancellation
 j - 2 potions of magic
 q - 2 potions of haste
 s - 5 potions of agility
 t - 3 potions of brilliance
 u - a potion of lignification
 z - a potion of flight
 J - a potion of invisibility
 R - a potion of might
Comestibles
 d - 15 rations


   Skills:
 + Level 9.4 Fighting
 - Level 5.8 Armour
 - Level 2.7 Dodging
 - Level 2.4 Stealth
 + Level 15.8 Unarmed Combat
 + Level 10.5 Spellcasting
 - Level 4.0 Conjurations
 - Level 2.2 Hexes
 - Level 1.0 Summonings
 - Level 2.3 Translocations
 - Level 2.1 Fire Magic
 - Level 2.1 Air Magic
 - Level 2.0 Poison Magic
 - Level 2.5 Evocations


You had 10 spell levels left.
You knew the following spells:

 Your Spells              Type           Power        Failure   Level  Hunger
a - Magic Dart            Conj           ####         2%          1    None
b - Blink                 Tloc           N/A          7%          2    None
c - Conjure Flame         Conj/Fire      ###.....     11%         3    None
d - Confusing Touch       Hex            ###...       4%          1    None
e - Mephitic Cloud        Conj/Pois/Air  ###.....     12%         3    None
f - Flame Tongue          Conj/Fire      ###..        3%          1    None
g - Regeneration          Chrm/Necr      ##........   36%         3    None
h - Call Imp              Summ           ##......     12%         2    None
i - Dazzling Spray        Conj/Hex       ###...       10%         3    None
s - Swiftness             Chrm/Air       ##......     12%         2    None
x - Inner Flame           Hex/Fire       ###.....     16%         3    None


Dungeon Overview and Level Annotations

Branches:
Dungeon (12/15)            Temple (0/1) D:7            Lair (4/6) D:11
 Shoals (0/4) Lair:3        Snake (0/4) Lair:2          Orc (0/2) D:12

Altars:
Dithmenos
Gozag
Hepliaklqana
Makhleb
Nemelex Xobeh
Okawaru
Trog
Wu Jian
Xom
Yredelemnul
Zin

Shops:
D:9 =   D:10 =   Lair:2 [**

Portals:
Trove: D:11 (give 2 scrolls of acquirement)


Innate Abilities, Weirdness & Mutations

You have razor-sharp teeth.
You heal very quickly.
When hurt, damage is shared between your health and your magic reserves.
Your bite disrupts and absorbs the magic of your enemies.
Potions cannot restore your health.
You are immune to rotting.


Message History

The death knight is heavily wounded.
The death knight is engulfed in blazing flames.
The death knight hits you with a morningstar.
The death knight reflects your damage back at you!
Unknown command.
You punch the death knight!
The death knight is severely wounded.
The death knight reflects your damage back at you!
* * * LOW HITPOINT WARNING * * *
Unknown command.
Unknown command.
Unknown command.
You punch the death knight!
The death knight is almost dead.
The death knight reflects your damage back at you!
* * * LOW HITPOINT WARNING * * *
The death knight is engulfed in blazing flames.
The death knight hits you with a morningstar!!
You die...
Your body crumbles into a pile of gold.

#..........#
#..........# ###
##..........# ..####
##..........##
..p..#######..........##
###........W..W....####
.####.....)...ยง#####
.###.......####p.## ####
###.>...#### ##@.####..#
##....### ###......##
#....## ##......# ...###
##.....# ..## #.....#
.## #.....# ## #.....# #
##.#..# #.#.##


You could see a death knight and 2 wraiths.

Vanquished Creatures
  Josephine (D:12)
  3 hydras
  A catoblepas (D:12)
  3 two-headed ogres
  4 death yaks (Lair:3)
  Sonja (D:11)
  2 unseen horrors
  The ghost of komo4ek the Unseen, a novice SpAs of Dithmenos (D:10)
  4 ugly things (D:11)
  3 cyclopes
  A merfolk siren (Lair:3)
  7 elephants
  A black mamba (Lair:3)
  4 kobold demonologists
  5 spiny frogs
  3 komodo dragons
  3 hornets
  4 trolls
  A polar bear (Lair:3)
  9 blink frogs
  5 dream sheep (Lair:4)
  9 hippogriffs
  A wyvern (D:12)
  25 yaks
  3 wraiths (D:12)
  4 fire bats (D:9)
  Grum (D:8)
  A steam dragon (D:12)
  3 wargs
  2 nagas (Lair:2)
  Duvessa (D:6)
  6 water moccasins
  A hell hound (D:9)
  7 porcupines
  2 ice beasts
  3 sky beasts
  3 orc warriors
  The ghost of kegs the Skirmisher, an amateur HOFi (D:3)
  3 black bears
  An eye of draining (D:11)
  29 wolves
  5 ogres
  A phantom (D:8)
  4 centaurs
  10 crocodiles
  3 big kobolds
  17 bullfrogs
  A gnoll sergeant (D:5)
  Dowan (D:6)
  A wyvern skeleton (D:9)
  5 scorpions
  14 wights
  13 killer bees
  A howler monkey (D:5)
  8 crimson imps
  2 lava snakes (D:9)
  5 jellies
  A bullfrog zombie (D:6)
  6 hounds
  A quasit (D:6)
  6 orc priests
  3 centaur skeletons
  A gnoll shaman (D:5)
  3 orc wizards
  3 bullfrog skeletons
  Jessica (D:2)
  9 worker ants
  6 iguanas
  A hound skeleton (D:8)
  12 gnolls
  14 adders
  3 shadow imps
  6 oozes
  An adder zombie (D:5)
  An adder skeleton (D:4)
  2 worms
  2 dart slugs (D:1)
  2 leopard geckos
  28 orcs
  5 giant cockroaches
  6 hobgoblins
  6 jackals
  8 kobolds
  9 quokkas
  5 bats
  5 frilled lizards
  6 goblins
  A leopard gecko skeleton (D:4)
  A quokka skeleton (D:4)
  A quokka zombie (D:6)
  6 rats
  A butterfly (Lair:4)
435 creatures vanquished.

Vanquished Creatures (collateral kills)
  A killer bee (D:9)
1 creature vanquished.

Vanquished Creatures (others)
  3 fire vortices (D:9)
  2 fungi
  3 plants (Lair:3)
8 creatures vanquished.

Grand Total: 444 creatures vanquished

Notes
Turn   | Place    | Note
-------+----------+-------------------------------------------
     0 | D:1      | letownia2 the Vine Stalker Wizard began the quest for the Orb.
     0 | D:1      | Reached XP level 1. HP: 9/9 MP: 5/5
   331 | D:2      | Reached XP level 2. HP: 13/13 MP: 0/7
   675 | D:3      | Reached XP level 3. HP: 16/16 MP: 2/8
   833 | D:3      | Found an ornate altar of the Wu Jian Council.
   906 | D:3      | Learned a level 3 spell: Mephitic Cloud
   910 | D:3      | Learned a level 3 spell: Conjure Flame
   991 | D:4      | Found an opulent altar of Gozag.
   991 | D:4      | Found a glowing silver altar of Zin.
  1144 | D:4      | Learned a level 1 spell: Confusing Touch
  1357 | D:4      | Became a worshipper of Gozag Ym Sagoz the Greedy
  1550 | D:3      | Gained mutation: Your natural rate of healing is unusually fast. [Vine Stalker growth]
  1550 | D:3      | Reached XP level 4. HP: 10/21 MP: 0/9
  1609 | D:3      | Noticed kegs's ghost (amateur HOFi)
  1697 | D:3      | Found a shadowy altar of Dithmenos.
  1767 | D:3      | Reached skill level 1 in Fire Magic
  1767 | D:3      | Reached skill level 1 in Poison Magic
  1807 | D:3      | Killed kegs's ghost
  1807 | D:3      | Reached skill level 1 in Armour
  1807 | D:3      | Reached skill level 1 in Hexes
  1807 | D:3      | Reached skill level 1 in Air Magic
  1807 | D:3      | Reached XP level 5. HP: 14/24 MP: 3/10
  2046 | D:2      | Learned a level 2 spell: Blink
  2162 | D:2      | Reached XP level 6. HP: 26/28 MP: 5/11
  2305 | D:2      | Noticed Jessica
  2309 | D:2      | Killed Jessica
  3565 | D:5      | Entered Level 5 of the Dungeon
  3604 | D:5      | Found an opulent altar of Gozag.
  3686 | D:5      | Reached XP level 7. HP: 31/32 MP: 0/12
  3877 | D:5      | Found a basalt altar of Yredelemnul.
  3916 | D:5      | Found an iron altar of Okawaru.
  3934 | D:5      | Reached skill level 1 in Fighting
  4138 | D:5      | Learned a level 3 spell: Dazzling Spray
  4554 | D:5      | Reached skill level 1 in Unarmed Combat
  4791 | D:5      | Reached skill level 2 in Unarmed Combat
  4791 | D:5      | Gained mutation: You have razor-sharp teeth. [Vine Stalker growth]
  4791 | D:5      | Reached XP level 8. HP: 28/37 MP: 2/15
  4850 | D:6      | Noticed Duvessa
  4852 | D:6      | Noticed Dowan
  4938 | D:5      | Reached skill level 3 in Unarmed Combat
  4938 | D:5      | Reached skill level 5 in Spellcasting
  5193 | D:6      | Found a hazy altar of Hepliaklqana.
  5415 | D:6      | Killed Duvessa
  5425 | D:6      | Killed Dowan
  5495 | D:6      | Reached XP level 9. HP: 35/42 MP: 2/22
  5775 | D:6      | Learned a level 2 spell: Swiftness
  5906 | D:7      | Found a staircase to the Ecumenical Temple.
  5910 | D:7      | Noticed a hornet
  5919 | D:7      | Killed a hornet
  5919 | D:7      | Reached skill level 4 in Unarmed Combat
  5970 | D:7      | Found a burning altar of Makhleb.
  6186 | D:7      | Found a sparkling altar of Nemelex Xobeh.
  6186 | D:7      | Found a bloodstained altar of Trog.
  6309 | D:8      | Noticed Grum
  6406 | D:8      | Reached skill level 5 in Unarmed Combat
  6468 | D:8      | Found a shimmering altar of Xom.
  6697 | D:8      | Noticed a two-headed ogre
  6715 | D:8      | Reached skill level 6 in Unarmed Combat
  6727 | D:8      | Killed a two-headed ogre
  6727 | D:8      | Reached skill level 5 in Fighting
  6727 | D:8      | Reached XP level 10. HP: 24/51 MP: 9/23
  6830 | D:8      | Reached skill level 7 in Unarmed Combat
  6883 | D:8      | Killed Grum
  7092 | D:8      | Got a twitching golden ring
  7168 | D:8      | Identified the ring of Uwaarrex {Int+2 Stlth+} (You took it off a crimson imp on level 8 of the Dungeon)
  7273 | D:9      | Reached skill level 1 in Evocations
  7368 | D:9      | Found Itubb's Jewellery Boutique.
  7982 | D:9      | Learned a level 1 spell: Flame Tongue
  7986 | D:9      | Learned a level 3 spell: Inner Flame
  8769 | D:10     | Entered Level 10 of the Dungeon
  9035 | D:10     | Noticed komo4ek's ghost (novice SpAs)
  9181 | D:10     | Reached skill level 8 in Unarmed Combat
  9267 | D:10     | Reached XP level 11. HP: 36/56 MP: 19/25
  9563 | D:10     | Noticed a two-headed ogre
  9592 | D:10     | Killed a two-headed ogre
  9592 | D:10     | Reached skill level 9 in Unarmed Combat
 10094 | D:10     | Learned a level 3 spell: Regeneration
 10097 | D:10     | Learned a level 2 spell: Call Imp
 10108 | D:11     | Noticed a two-headed ogre
 10108 | D:11     | Noticed a cyclops
 10179 | D:10     | Killed komo4ek's ghost
 10179 | D:10     | Reached skill level 10 in Unarmed Combat
 10249 | D:11     | Noticed a cyclops
 10250 | D:11     | Noticed a green ugly thing
 10365 | D:11     | Noticed Sonja
 10365 | D:11     | Noticed a sun demon
 10367 | D:11     | Noticed a sun demon
 10370 | D:11     | Noticed a soul eater
 10704 | D:10     | Killed a cyclops
 10760 | D:10     | Noticed a sixfirhy
 10833 | D:10     | Reached skill level 11 in Unarmed Combat
 10867 | D:11     | Killed a cyclops
 10909 | D:11     | Noticed a red ugly thing
 10914 | D:11     | Noticed a red ugly thing
 10983 | D:10     | Killed a two-headed ogre
 11100 | D:11     | Found a staircase to the Lair.
 11230 | D:11     | Killed an unseen horror
 11230 | D:11     | Reached skill level 12 in Unarmed Combat
 11274 | D:11     | Gained mutation: You heal very quickly. [Vine Stalker growth]
 11274 | D:11     | Reached XP level 12. HP: 16/61 MP: 6/26
 11280 | D:11     | Killed Sonja
 11519 | D:11     | Reached skill level 13 in Unarmed Combat
 11796 | D:11     | Found a portal to a secret trove of treasure.
 11859 | D:11     | Found the +2 ratskin cloak {+Rats rPois rN+ Str-1 Int-1 Dex+1}
 11927 | Lair:1   | Entered Level 1 of the Lair of Beasts
 12315 | Lair:1   | Noticed an eight-headed hydra
 12325 | Lair:1   | Killed an eight-headed hydra
 12842 | Lair:2   | Found a staircase to the Snake Pit.
 12960 | Lair:2   | Reached skill level 14 in Unarmed Combat
 13668 | Lair:3   | Reached XP level 13. HP: 52/67 MP: 21/27
 13699 | Lair:3   | Got a transparent ring mail
 13710 | Lair:3   | Identified the cursed +0 ring mail of Qisof {rC++ SInv Stlth+} (You found it on level 3 of the Lair of Beasts)
 13738 | Lair:3   | Reached skill level 5 in Armour
 13978 | Lair:3   | Reached skill level 15 in Unarmed Combat
 14234 | Lair:3   | Found a staircase to the Shoals.
 15041 | Lair:4   | Got a shimmering tin amulet
 15479 | Lair:4   | Reached skill level 10 in Spellcasting
 15862 | Lair:4   | Identified the amulet of Homohao {rC++ Regen+ Str+3 Stlth+} (You found it on level 4 of the Lair of Beasts)
 16183 | D:9      | Reached XP level 14. HP: 55/75 MP: 21/29
 16245 | D:9      | Got a glittering pewter amulet
 16268 | D:9      | Identified the amulet "Ciapsuz" {+Rage Int+6} (You found it on level 9 of the Dungeon)
 16456 | D:12     | Found a staircase to the Orcish Mines.
 16561 | D:12     | Noticed Josephine
 16573 | D:12     | Killed Josephine
 16653 | D:12     | Got a brightly glowing leather armour
 16933 | D:12     | Slain by a death knight

Skill      XL: |  1  2  3  4  5  6  7  8  9 10 11 12 13 |
---------------+----------------------------------------+-----
Conjurations   | 2 3 4 |  4.0
Fire Magic     | 1 2 |  2.1
Poison Magic   | 1 2 |  2.0
Armour         | 1 2 3 4 5 |  5.8
Hexes          | 1 2 |  2.2
Air Magic      | 1 2 |  2.1
Translocations | 2 |  2.3
Fighting       | 1 5 6 7 9 |  9.4
Spellcasting   | 4 8 9 10 | 10.5
Unarmed Combat | 2 3 6 8 12 14 15 | 15.8
Evocations     | 2 |  2.5
Dodging        | 2 |  2.7
Stealth        | |  2.4
Summonings     | |  1.0

Action                   |  1- 3 |  4- 6 |  7- 9 | 10-12 | 13-15 || total
-------------------------+-------+-------+-------+-------+-------++-------
Melee: Unarmed           |     9 |       |   184 |   629 |   367 ||  1189
       Bite              |     9 |    19 |   100 |   194 |   110 ||   432
       Dagger            |    15 |    87 |   160 |       |       ||   262
       Punch             |       |       |     1 |    24 |    20 ||    45
Throw: Throwing net      |       |       |       |     2 |     1 ||     3
 Cast: Magic Dart        |    65 |   101 |   145 |    26 |     1 ||   338
       Conjure Flame     |       |     2 |    10 |    41 |    50 ||   103
       Mephitic Cloud    |       |     3 |    22 |    40 |     9 ||    74
       Confusing Touch   |       |     3 |     5 |     2 |     3 ||    13
       Blink             |       |       |     4 |    23 |       ||    27
       Flame Tongue      |       |       |       |    39 |    11 ||    50
       Inner Flame       |       |       |       |       |     6 ||     6
Invok: Call Merchant     |       |       |       |     3 |     1 ||     4
Evoke: Wand              |       |       |       |    16 |    11 ||    27
  Use: Potion            |       |     1 |       |     1 |       ||     2
       Scroll            |       |       |     5 |    18 |       ||    23
 Stab: Confused          |       |     2 |    18 |    20 |    13 ||    53
       Sleeping          |       |       |     2 |     6 |     4 ||    12
       Distracted        |       |       |       |     2 |     9 ||    11
  Eat: Chunk             |     1 |       |       |       |       ||     1
       Ration            |       |     3 |     3 |     8 |     2 ||    16
Armor: Robe              |     3 |       |       |       |       ||     3
       Ring mail         |    13 |    45 |   138 |   196 |   118 ||   510
Dodge: Dodged            |    29 |    50 |   203 |   282 |   167 ||   731
Block: Other             |       |       |       |    32 |    10 ||    42
